 Dungeon Crawl Stone Soup version 0.22.0-32-gbc6daba (webtiles) character file.

928 iamserjio the Ruffian (level 7, -4/67 HPs)
             Began as a Troll Fighter on Aug 23, 2018.
             Was a Follower of Cheibriados.
             Slain by a wight
             ... wielding a +0 long sword
              (5 damage)
             ... on level 7 of the Dungeon.
             The game lasted 00:06:25 (974 turns).

iamserjio the Ruffian (Troll Fighter)                Turns: 974, Time: 00:06:26

Health: -4/67      AC:  5    Str: 32    XL:     7   Next: 85%
Magic:  6/6        EV:  6    Int:  8    God:    Cheibriados [*.....]
Gold:   31         SH: 16    Dex: 11    Spells: 6/6 levels left

rFire    . . .     SeeInvis .     - Unarmed
rCold    . . .     Gourm    +   p - +0 large shield
rNeg     . . .     Faith    .   a - +0 robe
rPois    .         Spirit   .   (helmet restricted)
rElec    .         Reflect  .   (no cloak)
rCorr    .         Harm     .   (gloves unavailable)
MR       .....                  (boots unavailable)
Stlth    +.........             (no amulet)
HPRegen  0.61/turn              f - ring of wizardry
MPRegen  0.10/turn              (no ring)

@: mighty, drained, very slow
A: large, unfitting armour, claws 3, fast metabolism 3, gourmand, regeneration
1, shaggy fur 1, tough skin 2
a: Bend Time, Renounce Religion


You were on level 7 of the Dungeon.
You worshipped Cheibriados.
Cheibriados was aware of your devotion.
You were completely stuffed.

You visited 2 branches of the dungeon, and saw 9 of its levels.

You collected 121 gold pieces.
You spent 90 gold pieces at shops.

Inventory:

Missiles
 i - 4 poisoned javelins (quivered)
Armour
 a - a +0 robe (worn)
 b - a +0 shield
 p - a +0 large shield (worn)
Jewellery
 f - a ring of wizardry (left claw)
Scrolls
 h - 3 scrolls of identify {unknown}
 j - 2 scrolls of amnesia {unknown}
 k - 3 scrolls of magic mapping {unknown}
 l - 2 scrolls of enchant weapon {unknown}
 n - 2 scrolls of teleportation {unknown}
 o - 3 scrolls of immolation {unknown}
 r - a scroll of enchant armour {unknown}
 s - a scroll of noise {unknown}
 t - a scroll of torment {unknown}
 v - a scroll of blinking
Potions
 c - a potion of might
 e - a potion of curing {unknown}
 g - a potion of ambrosia {unknown}
 m - a potion of heal wounds {unknown}
 q - a potion of haste {unknown}
Comestibles
 d - 10 rations
 u - 4 chunks of flesh


   Skills:
 - Level 3.0(2.0) Fighting
 - Level 2.4(1.5) Dodging
 + Level 4.8(3.9) Shields
 * Level 7.4(6.4) Unarmed Combat


You had 6 spell levels left.
You didn't know any spells.
Your spell library was empty.

Dungeon Overview and Level Annotations

Branches:
Dungeon (8/15)             Temple (1/1) D:5
   Lair: D:8-11

Altars:
Cheibriados
Hepliaklqana
Kikubaaqudgha
Ru
Trog
Yredelemnul
The Shining One

Shops:
D:4 [   D:6 *


Innate Abilities, Weirdness & Mutations

You are too large for most types of armour.
You have claws for hands.
Your metabolism is lightning-fast.
You like to eat raw meat.
Your natural rate of healing is unusually fast.
You are covered in fur. (AC +1)
You have very tough skin. (AC +2)


Message History

The orc warrior hits you with a falchion!!
* * * LOW HITPOINT WARNING * * *
Okay, then.
You barely miss the orc warrior.
The orc warrior is almost dead.
The wight hits you but does no damage. The orc warrior blocks your attack.
The orc warrior is almost dead.
The bullfrog gives a loud, deep croak!
You block the orc warrior's attack. You block the wight's attack.
The wight hits you with a long sword!
* * * LOW HITPOINT WARNING * * *
You feel drained.
* * * LOW HITPOINT WARNING * * *
The orc warrior blocks your attack.
The orc warrior is almost dead.
The orc warrior hits you with a falchion.
* * * LOW HITPOINT WARNING * * *
The wight hits you with a long sword.
You die...

###
#####...###
...
..........>#
###
..####...#.#
...
.........#
###
#######..#
.....#..####
#
####.......#
.
...........#
.
.###...@...#
+..ozz..#
#..F.....#
.#
#.....$....#
.#
#....?.....#
## #
#..###.....#
#####.
#..#)#..####
......
#..###..Z
...#


You could see an orc warrior, a bullfrog, 2 wights and a howler monkey zombie.

Vanquished Creatures
  A sky beast (D:5)
  An ice beast (D:6)
  2 centaurs (D:6)
  An ogre (D:7)
  A crocodile (D:8)
  A bullfrog (D:7)
  A scorpion (D:8)
  A crimson imp (D:6)
  A bullfrog zombie (D:7)
  2 hounds
  2 jellies
  A worker ant (D:4)
  A hound skeleton (D:6)
  4 gnolls (D:3)
  An adder (D:6)
  A worm (D:2)
  A dart slug (D:4)
  A leopard gecko (D:6)
  3 orcs (D:4)
  A giant cockroach (D:2)
  A goblin (D:3)
  3 hobgoblins (D:3)
  12 jackals
  2 quokkas
  A ball python (D:3)
  2 bats (D:3)
  2 frilled lizards
  A jackal skeleton (D:4)
  3 kobolds (D:3)
  2 rats
57 creatures vanquished.

Notes
Turn   | Place    | Note
-------+----------+-------------------------------------------
     0 | D:1      | iamserjio the Troll Fighter began the quest for the Orb.
     0 | D:1      | Reached XP level 1. HP: 22/22 MP: 0/0
   132 | D:3      | Reached XP level 2. HP: 29/29 MP: 1/1
   203 | D:3      | Reached skill level 3 in Unarmed Combat
   221 | D:3      | Reached XP level 3. HP: 36/36 MP: 2/2
   306 | D:4      | Reached skill level 4 in Unarmed Combat
   306 | D:4      | Reached XP level 4. HP: 36/44 MP: 3/3
   374 | D:4      | Found Yqaxig's Armour Shoppe.
   433 | D:4      | Found a bloodstained altar of Trog.
   449 | D:5      | Entered Level 5 of the Dungeon
   449 | D:5      | Noticed a sky beast
   476 | D:5      | Killed a sky beast
   476 | D:5      | Reached skill level 5 in Unarmed Combat
   476 | D:5      | Reached XP level 5. HP: 17/50 MP: 4/4
   489 | D:5      | Found a staircase to the Ecumenical Temple.
   495 | Temple   | Entered the Ecumenical Temple
   506 | Temple   | Became a worshipper of Cheibriados the Contemplative
   555 | D:5      | You fall through a shaft for 3 floors!
   572 | D:8      | Reached XP level 6. HP: 57/59 MP: 5/5
   691 | D:7      | Noticed an orc sorcerer
   692 | D:7      | Noticed an orc sorcerer
   692 | D:7      | Noticed an orc sorcerer
   710 | D:7      | Reached skill level 6 in Unarmed Combat
   725 | D:7      | Reached XP level 7. HP: 62/66 MP: 6/6
   793 | D:6      | Found a basalt altar of Yredelemnul.
   805 | D:6      | Found Juhe's General Store.
   819 | D:6      | Reached skill level 7 in Unarmed Combat
   821 | D:6      | Reached * piety under Cheibriados
   832 | D:6      | Bought a scroll of blinking for 90 gold pieces
   974 | D:7      | HP: 1/67 [orc warrior/falchion (5)]
   974 | D:7      | Slain by a wight

Skill      XL: |  1  2  3  4  5  6  7 |
---------------+----------------------+-----
Unarmed Combat | 3 4 5 6 7 |  7.4
Shields        | 3 4 |  4.8
Fighting       | 3 |  3.0
Dodging        | |  2.4

Action                   |  1- 3 |  4- 6 |  7- 9 || total
-------------------------+-------+-------+-------++-------
Melee: Unarmed           |    64 |    68 |    48 ||   180
  Use: Potion            |       |       |     1 ||     1
  Eat: Chunk             |     3 |     6 |     6 ||    15
Armor: Robe              |    31 |    21 |     6 ||    58
Dodge: Dodged            |    22 |    24 |    13 ||    59
Block: Shield            |    30 |    19 |       ||    49
       Large shield      |       |    30 |    53 ||    83
